 Dungeon Crawl Stone Soup version 0.32-a0-768-g0f6f1dd4b9 (webtiles) character file.

Game seed: 6434420469427737746

151 Griffin23 the Shield-Bearer (level 5, -3/47 HPs)
             Began as a Minotaur Fighter on Mar 18, 2024.
             Was a High Priest of Ignis.
             Slain by an orc priest
             ... wielding a +0 morningstar
              (4 damage)
             ... on level 4 of the Dungeon.
             The game lasted 00:02:44 (2552 turns).

Griffin23 the Shield-Bearer (Minotaur Fighter)      Turns: 2552, Time: 00:02:45

Health: -3/47      AC:  9    Str: 23    XL:     5   Next: 10%
Magic:  4/4        EV:  7    Int:  5    God:    Ignis [*****.]
Gold:   132        SH:  4    Dex:  9    Spells: 4/4 levels left

rFire   + . .        a - +0 long sword
rCold   . . .        c - +0 buckler
rNeg    . . .        q - +0 chain mail
rPois   .            (helmet restricted)
rElec   .            (no cloak)
rCorr   .            (no gloves)
SInv    .            (no boots)
Will    .....        (no amulet) Stlth
                     (no ring)
HPRegen 0.27/turn    (no ring)
MPRegen 0.09/turn

%: no passive effects
@: no status effects
A: horns 2, retaliatory headbutt
a: Renounce Religion, Fiery Armour, Foxfire Swarm, Rising Flame


You were on level 4 of the Dungeon.
You worshipped Ignis.
Ignis was extremely pleased with you.
You visited 1 branch of the dungeon, and saw 4 of its levels.

You collected 132 gold pieces.

Inventory:

Hand Weapons
 a - a +0 long sword (weapon)
Armour
 b - a +0 scale mail
 c - a +0 buckler (worn)
 q - a +0 chain mail (worn)
Jewellery
 o - a +5 ring of evasion
 p - a ring of fire
Wands
 r - a wand of flame (22)
Scrolls
 f - a scroll of torment {unknown}
 g - 2 scrolls of fog {unknown}
 h - 3 scrolls of teleportation {unknown}
 i - a scroll of amnesia {unknown}
 j - a scroll of blinking {unknown}
 l - 2 scrolls of identify {unknown}
 n - a scroll of silence {unknown}
Potions
 d - 3 potions of might
 e - a potion of mutation {unknown}
 k - 2 potions of ambrosia {unknown}
 m - a potion of cancellation {unknown}
 s - a potion of resistance {unknown}


   Skills:
 + Level 4.6 Fighting
 * Level 3.9 Long Blades
 + Level 4.6 Armour
 + Level 4.7 Shields


You had 4 spell levels left.
You didn't know any spells.
Your spell library contained the following spells:

 Spells                   Type           Power      Damage    Failure   Level
 Shock                    Conj/Air       0%         1d3       98%         1
 Swiftness                Air            0%         N/A       100%        3
 Airstrike                Air            0%         2d(0-16)  100%        4


Dungeon Overview and Level Annotations

Branches:
Dungeon (4/15)
 Temple: D:4-7

Altars:
Wu Jian
Ignis


Innate Abilities, Weirdness & Mutations

You have a pair of horns on your head.
You reflexively headbutt those who attack you in melee.


Message History

The orc hits you but does no damage. The orc closely misses you.
Found a war axe.
The orc attacks as it pursues you!
The orc hits you from afar with a +0 trident.
You block the orc's attack.
You are too injured to fight recklessly!
You are too injured to fight recklessly!
You are too injured to fight recklessly!
You are too injured to fight recklessly!
You are too injured to fight recklessly!
You hit the orc. You headbutt the orc, but do no damage.
The orc is almost dead.
The orc closely misses you.
The orc priest calls down the wrath of Beogh upon you.
Beogh smites you!
* * * LOW HITPOINT WARNING * * *
The orc barely misses you. The orc hits you with a +0 short sword.
* * * LOW HITPOINT WARNING * * *
You barely miss the orc. The orc closely misses you. x2
You furiously retaliate!
You headbutt the orc, but do no damage. The orc hits you but does no damage.
You hit the orc.
The orc is lightly wounded.
The orc barely misses you.
The orc priest casts a cantrip, but nothing happens.
The orc hits you but does no damage. x3
You hit the orc. You headbutt the orc.
You kill the orc!
You block the orc's attack.
The jackal bites you but does no damage.
The orc hits you but does no damage.
You closely miss the jackal. You headbutt the jackal.
You kill the jackal!
The orc hits you with a +0 flail.
* * * LOW HITPOINT WARNING * * *
The orc hits you from afar with a +0 trident.
* * * LOW HITPOINT WARNING * * *
The orc priest hits you with a +0 morningstar.
You die...
Ignis goes out, and joins you in death.

.....###................
###.. #................
#. ###.........####### #
#...........#
#.............# #
..###.........## #...
......#.#...[#####
.....#####.#..........#
)......@o#............#
....#.##oh#...........#
# # ##o............##
###o.............
#...#..........##
.##.##..##.#..####
......)..#.....#
#.....)......#.(#
##...........####


You could see an orc priest, 3 orcs and a jackal.

Vanquished Creatures
  Robin (D:3)
  5 adders
  2 dart slugs (D:1)
  A ribbon worm (D:2)
  5 orcs
  4 bats
  7 endoplasms
  3 giant cockroaches
  12 goblins
  9 hobgoblins
  4 jackals (D:4)
  7 ball pythons
  7 frilled lizards
  7 kobolds
  8 rats
82 creatures vanquished.

Notes
Turn   | Place    | Note
-------+----------+-------------------------------------------
     0 | D:1      | Griffin23 the Minotaur Fighter began the quest for the Orb.
     0 | D:1      | Reached XP level 1. HP: 19/19 MP: 0/0
    12 | D:1      | Found a faded altar of an unknown god.
    69 | D:1      | Reached XP level 2. HP: 26/27 MP: 1/1
    97 | D:1      | Prayed at the altar of an unknown god.
    97 | D:1      | Became a worshipper of Ignis, the Dying Flame
   202 | D:1      | Found Vear's Weapon Shop.
   350 | D:1      | Reached XP level 3. HP: 33/33 MP: 2/2
  1464 | D:3      | Found an ornate altar of the Wu Jian Council.
  1564 | D:3      | Reached XP level 4. HP: 29/41 MP: 3/3
  1750 | D:3      | Noticed Robin
  1771 | D:3      | Killed Robin
  2474 | D:4      | Reached XP level 5. HP: 42/47 MP: 4/4
  2552 | D:4      | HP: 1/47 [orc/+0 trident (6)]
  2552 | D:4      | Slain by an orc priest

Illustrated notes

Levels and vault maps discovered:
D:1:      scummos_arrival_checkerplants, layout_basic, serial_shops, shop,
          hellmonk_ecumenical_altar_crossroads
D:2:      layout_loops_ring
D:3:      layout_basic, mainiacjoe_overflow_tiny_flanked,
          nicolae_overflow_hidden_temple, nicolae_houndstooth_variations,
          uniq_robin
D:4:      layout_rooms, nicolae_nh_ransacked_shop

Skill      XL: |  1  2 |
---------------+-------+-----
Fighting       | 4 |  4.6
Shields        | 4 |  4.7
Armour         | 4 |  4.6
Long Blades    | 3 |  3.9

Action                     |  1- 3 |  4- 6 || total
---------------------------+-------+-------++-------
  Melee: Long sword        |   109 |    73 ||   182
         Headbutt          |    13 |    16 ||    29
 Armour: Scale mail        |    82 |       ||    82
         Chain mail        |     7 |    98 ||   105
  Dodge: Dodged            |    54 |    41 ||    95
  Block: Buckler           |    34 |    23 ||    57

Table legend: (Time is in decaauts)
 A = Elapsed time spent in this place.
 B = Non-inter-level travel time spent in this place.
 C = Inter-level travel time spent in this place.
 D = Time resting spent in this place.
 E = Time spent auto-exploring this place.
 F = Levels seen in this place.
 G = Mean time per level.
                   A        B        C        D        E       F      G
               +--------+--------+--------+--------+--------+-----+--------+
         Total |   2599 |   2442 |    157 |      0 |   1951 |   4 |  649.8 |
       Dungeon |   2599 |   2442 |    157 |      0 |   1951 |   4 |  649.8 |
               +--------+--------+--------+--------+--------+-----+--------+

Top non-repeatable levels by time:
     D:3: 1161 daAuts
     D:1: 694 daAuts
     D:2: 578 daAuts
     D:4: 165 daAuts
